 Dungeon Crawl Stone Soup version 0.27-a0-1290-g15d3ce7508 (webtiles) character file.

Game seed: 17310362629633646080

215 AnungUnRama666 the Bolt Thrower (level 6, 0/37 HPs)
             Began as a Kobold Hunter on June 14, 2021.
             Slain by a gnoll (5 damage)
             ... on level 5 of the Dungeon on June 15, 2021.
             The game lasted 00:14:45 (2555 turns).

AnungUnRama666 the Bolt Thrower (Kobold Hunter)     Turns: 2555, Time: 00:14:45

Health: 0/37       AC:  4    Str: 10    XL:     6   Next: 15%
Magic:  6/6        EV: 19    Int: 18    God:
Gold:   87         SH:  0    Dex: 17    Spells: 5/5 levels left

rFire    . . .     SeeInvis .   l - +3 quarterstaff (chaos)
rCold    . . .     Faith    .   (shield currently unavailable)
rNeg     . . .     Spirit   .   c - +0 leather armour
rPois    .         Reflect  .   (no helmet)
rElec    .         Harm     .   r - +0 cloak
rCorr    .         Rampage  .   (no gloves)
Will     .....                  (no boots)
Stlth    +++.......             g - amulet of the acrobat
HPRegen  0.12/turn              i - +4 ring of evasion
MPRegen  0.10/turn              q - +6 ring of intelligence

@: no status effects
A: small, no large weapons, nightstalker 3
a: no special abilities


You were on level 5 of the Dungeon.
You visited 1 branch of the dungeon, and saw 4 of its levels.

You collected 87 gold pieces.

Inventory:

Hand Weapons
 a - a +1 hand crossbow
 b - a +0 short sword
 l - a +3 quarterstaff of chaos (weapon)
 p - a +0 vorpal halberd
Armour
 c - a +0 leather armour (worn)
 r - a +0 cloak (worn)
Jewellery
 g - an amulet of the acrobat (around neck)
 i - a +4 ring of evasion (left hand)
 q - a +6 ring of intelligence (right hand)
 s - a +6 ring of strength
Scrolls
 e - a scroll of fear
 j - a scroll of identify {unknown}
 k - a scroll of brand weapon {unknown}
 m - 2 scrolls of teleportation {unknown}
 n - a scroll of noise {unknown}
 o - a scroll of silence {unknown}
Potions
 f - 2 potions of heal wounds
 h - a potion of lignification {unknown}


   Skills:
 + Level 3.1 Fighting
 + Level 6.8 Crossbows
 + Level 0.5 Throwing
 + Level 1.8 Armour
 + Level 3.0 Dodging
 + Level 2.1 Stealth


You had 5 spell levels left.
You didn't know any spells.
Your spell library was empty.

Dungeon Overview and Level Annotations

Branches:
Dungeon (5/15)
 Temple: D:4-7

Altars:
Okawaru


Innate Abilities, Weirdness & Mutations

You are small and have problems with some larger weapons.
You are completely attuned to the shadows.


Message History

Your base attributes are Str 10, Int 12, Dex 16.
Increase (S)trength, (I)ntelligence, or (D)exterity?
You feel agile. The gnoll completely misses you. The gnoll misses you.
You see here a bolt.
The gnoll closely misses you.
You hit the gnoll.
The gnoll is poisoned.
The gnoll is almost dead.
The gnoll hits you but does no damage. x2
You sock the gnoll!
You kill the gnoll!
The gnoll hits you from afar with a +0 spear.
The gnoll completely misses you.
You see here a bolt.
The gnoll completely misses you. The gnoll misses you.
The gnoll completely misses you.
You see here a bolt.
You hit the gnoll.
The gnoll suddenly seems more agile.
The gnoll is heavily wounded.
The gnoll closely misses you. The gnoll completely misses you.
You barely miss the gnoll.
The gnoll is heavily wounded.
The gnoll closely misses you. The gnoll hits you with a +0 spear.
You barely miss the gnoll.
The gnoll is heavily wounded.
The gnoll barely misses you. x2
You miss the gnoll.
The gnoll is heavily wounded.
The gnoll hits you with a +0 spear! x2
* * * LOW HITPOINT WARNING * * *
You closely miss the gnoll.
The gnoll is heavily wounded.
The gnoll completely misses you. The gnoll closely misses you.
You closely miss the gnoll.
The gnoll is heavily wounded.
The gnoll misses you.
You hit the gnoll.
The gnoll flickers and vanishes!
Deactivating autopickup; reactivate with Ctrl-A.
Something closely misses you. Something hits you.
You die...

### #.### #...# #.#.###
#.....# ##....# #
#....####### ..
#########.....).{..####...
................@.(..((gg(
#....##.......#)#######.((
........#.......# ..
#.#.....#....(... .
#....#.###........
...[..... ..##....#
†...<.... #..####.#


There were no monsters in sight!

Vanquished Creatures
  Blork the orc (D:4)
  A gnoll shaman (D:5)
  Crazy Yiuf (D:4)
  A hound skeleton (D:4)
  A howler monkey zombie (D:4)
  2 gnolls (D:5)
  An adder (D:5)
  2 dart slugs
  An orc (D:4)
  3 ball pythons
  2 endoplasms
  A goblin (D:1)
  7 hobgoblins
  2 jackals (D:1)
  3 kobolds
  2 quokkas
  3 bats (D:1)
  A frilled lizard (D:1)
  A rat (D:1)
36 creatures vanquished.

Vanquished Creatures (others)
  3 fungi (D:4)
  2 plants (D:4)
5 creatures vanquished.

Grand Total: 41 creatures vanquished

Notes
Turn   | Place    | Note
-------+----------+-------------------------------------------
     0 | D:1      | AnungUnRama666 the Kobold Hunter began the quest for the
                  | Orb.
     0 | D:1      | Reached XP level 1. HP: 12/12 MP: 1/1
    73 | D:1      | Reached skill level 5 in Crossbows
   150 | D:1      | Reached XP level 2. HP: 15/17 MP: 2/2
   320 | D:1      | Reached XP level 3. HP: 21/21 MP: 3/3
   389 | D:1      | Found a faded altar of an unknown god.
  1041 | D:2      | You fall into a shaft and drop 2 floors!
  1298 | D:4      | Reached skill level 6 in Crossbows
  1426 | D:4      | Found an iron altar of Okawaru.
  1443 | D:4      | Reached XP level 4. HP: 27/27 MP: 4/4
  1611 | D:4      | Noticed Blork the orc
  1623 | D:4      | Killed Blork the orc
  1624 | D:4      | Reached skill level 1 in Armour
  1624 | D:4      | Reached XP level 5. HP: 12/32 MP: 5/5
  1866 | D:4      | Upgraded the game from 0.27-a0-1281-ge233d83751 to
                  | 0.27-a0-1290-g15d3ce7508
  2180 | D:4      | Found a runed translucent door.
  2183 | D:4      | Noticed Crazy Yiuf
  2191 | D:4      | Killed Crazy Yiuf
  2456 | D:5      | Entered Level 5 of the Dungeon
  2541 | D:5      | Reached XP level 6. HP: 27/37 MP: 6/6
  2555 | D:5      | Slain by a gnoll

Illustrated notes

Levels and vault maps discovered:
D:1:      lemuel_arrival_cross, layout_loops_ring,
          shapermc_ecumenical_altar_totnotflames, serial_forest,
          infiniplex_forest_lined_room_2, infiniplex_forest_clump_C,
          infiniplex_forest_lined_3, infiniplex_forest_lined_4_way,
          infiniplex_forest_lined_2, infiniplex_forest_3_way,
          infiniplex_forest_lined_ring, infiniplex_forest_lined_2,
          infiniplex_forest_lined_3
D:2:      layout_basic, serial_shops, nicolae_shop_statue_plus,
          hangedman_decor_clover_reticule
D:4:      layout_cave_pools, okawaru_gym_becter, chequers_big_river,
          item_on_display_a, uniq_crazy_yiuf_cottage, uniq_blork_the_orc
D:5:      layout_basic, amethyst_overflow_temple_binary

Skill      XL: |  1  2  3  4  5 |
---------------+----------------+-----
Crossbows      | 5 6 |  6.8
Armour         | 1 |  1.8
Fighting       | 3 |  3.1
Dodging        | 3 |  3.0
Stealth        | 2 |  2.1
Throwing       | |  0.5

Action                   |  1- 3 |  4- 6 || total
-------------------------+-------+-------++-------
Melee: Hand crossbow     |     2 |     2 ||     4
       Short sword       |       |    18 ||    18
       Quarterstaff      |       |    11 ||    11
 Fire: Hand crossbow     |    54 |    34 ||    88
Throw: Boomerang         |     3 |     3 ||     6
  Use: Potion            |       |     1 ||     1
       Scroll            |       |     1 ||     1
Armor: Leather armour    |     8 |     4 ||    12
Dodge: Dodged            |    19 |    33 ||    52

Table legend: (Time is in decaauts)
 A = Elapsed time spent in this place.
 B = Non-inter-level travel time spent in this place.
 C = Inter-level travel time spent in this place.
 D = Time resting spent in this place.
 E = Time spent auto-exploring this place.
 F = Levels seen in this place.
 G = Mean time per level.
                   A        B        C        D        E       F      G
               +--------+--------+--------+--------+--------+-----+--------+
         Total |   2591 |   2515 |     76 |    390 |   1361 |   4 |  647.8 |
       Dungeon |   2591 |   2515 |     76 |    390 |   1361 |   4 |  647.8 |
               +--------+--------+--------+--------+--------+-----+--------+

Top non-repeatable levels by time:
     D:4: 1436 daAuts
     D:1: 1022 daAuts
     D:5: 102 daAuts
     D:2: 29 daAuts
